 Dungeon Crawl Stone Soup version 0.30-a0-390-g80c34de65d (webtiles) character file.

Game seed: 10698418331238845098

3 bande the Covered (level 1, 0/14 HPs)
             Began as a Gargoyle Fighter on Dec 5, 2022.
             Slain by an endoplasm (3 damage)
             ... on level 1 of the Dungeon.
             The game lasted 00:00:09 (104 turns).

bande the Covered (Gargoyle Fighter)                 Turns: 104, Time: 00:00:09

Health: 0/14       AC:  9    Str: 19    XL:     1   Next: 50%
Magic:  1/1        EV:  9    Int:  8    God:
Gold:   0          SH:  4    Dex:  9    Spells: 0/0 levels left

rFire   . . .      SeeInvis .    a - +0 war axe
rCold   . . .      Faith    .    c - +0 buckler
rNeg    + . .      Spirit   .    b - +0 scale mail
rPois   ∞          Reflect  .    (no helmet)
rElec   +          Harm     .    (no cloak)
rCorr   .          Rampage  .    (no gloves)
Will    .....                    (no boots)
Stlth   ..........               (no amulet)
HPRegen 0.22/turn                (no ring)
MPRegen 0.07/turn                (no ring)

@: no status effects
A: sickness immunity, AC +2, negative energy resistance 1, electricity
resistance, torment resistance 1, petrification resistance
a: no special abilities


You were on level 1 of the Dungeon.
You visited 1 branch of the dungeon, and saw 1 of its levels.

Inventory:

Hand Weapons
 a - a +0 war axe (weapon)
Armour
 b - a +0 scale mail (worn)
 c - a +0 buckler (worn)
Potions
 d - a potion of might
 e - 2 potions of brilliance {unknown}


   Skills:
 + Level 3.3 Fighting
 + Level 1.8 Axes
 + Level 3.4 Armour
 + Level 3.3 Shields


You couldn't memorise any spells.
You didn't know any spells.
Your spell library was empty.

Dungeon Overview and Level Annotations

Branches:
Dungeon (1/15)

Altars:


Innate Abilities, Weirdness & Mutations

You are immune to sickness and miasma.
Your stone body is resilient. (AC +2)
You are immune to poison.
You resist negative energy. (rN+)
You are resistant to electric shocks. (rElec)
You are resistant to unholy torment.
You are immune to petrification.


Message History

You barely miss the kobold.
The kobold hits you but does no damage. x2
You miss the kobold.
The kobold hits you with a +0 short sword.
You slash the kobold!
You kill the kobold!
No target in view!
No target in view!
A gnoll comes into view. It is wielding a +0 club.
Found an escape hatch in the floor.
The gnoll shouts!
A gnoll is nearby!
A gnoll is nearby!
An endoplasm comes into view.
The endoplasm quivers.
The gnoll misses you.
You hit the gnoll but do no damage.
A giant cockroach comes into view.
The gnoll closely misses you.
You hit the gnoll but do no damage. The gnoll closely misses you.
The endoplasm freezes you.
You are frozen.
The gnoll hits you with a +0 club.
You are too injured to fight recklessly!
You are too injured to fight recklessly!
You are too injured to fight recklessly!
You are too injured to fight recklessly!
You are too injured to fight recklessly!
You are too injured to fight recklessly!
You are too injured to fight recklessly!
You are too injured to fight recklessly!
Unknown command.
You slash the gnoll!
The gnoll is severely wounded.
You hit the endoplasm. The gnoll barely misses you. The endoplasm hits you.
* * * LOW HITPOINT WARNING * * *
Unknown command.
You hit the gnoll.
The gnoll is almost dead.
You barely miss the endoplasm. The gnoll barely misses you.
The endoplasm hits you.
You die...

##### #...# #...# #...#
#...# # #...# ..
##...######+#+######.#.#
#...........).......>.##
#.########......@gB.....
#.# #.......J..#### #.#
#...$......# #.#
#..........# #.#
#.....$....# #.#
#..........# #.#
#..........# #.#
############ #.#


You could see a gnoll, an endoplasm and a giant cockroach.

Vanquished Creatures
  2 jackals (D:1)
  A kobold (D:1)
3 creatures vanquished.

Notes
Turn   | Place    | Note
-------+----------+-------------------------------------------
     0 | D:1      | bande the Gargoyle Fighter began the quest for the Orb.
     0 | D:1      | Reached XP level 1. HP: 14/14 MP: 1/1
   104 | D:1      | Slain by an endoplasm

Illustrated notes

Levels and vault maps discovered:
D:1:      onia_arrival_mini_maze_b, layout_basic, reono_crystal_passage,
          st_stairs_11, grunt_decor_one_mirror, dreamdust_wishing_well

Action                   || total
-------------------------++-------
Melee: War axe           ||    13
Armor: Scale mail        ||     4
Dodge: Dodged            ||    11
Block: Buckler           ||     2

Table legend: (Time is in decaauts)
 A = Elapsed time spent in this place.
 B = Non-inter-level travel time spent in this place.
 C = Inter-level travel time spent in this place.
 D = Time resting spent in this place.
 E = Time spent auto-exploring this place.
 F = Levels seen in this place.
 G = Mean time per level.
                   A        B        C        D        E       F      G
               +--------+--------+--------+--------+--------+-----+--------+
         Total |    109 |    109 |      0 |      0 |     80 |   1 |  109.0 |
       Dungeon |    109 |    109 |      0 |      0 |     80 |   1 |  109.0 |
               +--------+--------+--------+--------+--------+-----+--------+

Top non-repeatable levels by time:
     D:1: 109 daAuts
